PAA
SAN ANTONIO BC @ ASHEVILLE HIGHLANDERS
08/19/2029
 
TOP OF THE 1ST
San Antonio BC batting - Pitching for Asheville Highlanders : RHP Danial Apodaca
Pitching: RHP Danial Apodaca
Batting: LHB Juan Medina 0-0: Ball
1-0: Called Strike
1-1: Fly out, F7 (Line Drive, 78M)
Batting: SHB Scotty Vallee 0-0: Ball
1-0: Ball
2-0: Ball
3-0: Called Strike
3-1: Foul Ball, location: 2F
3-2: Foul Ball, location: 2F
3-2: Base on Balls
Batting: RHB Alba Hidalgo de Jesus 0-0: Ball
1-0: Swinging Strike
1-1: Called Strike
1-2: Strikes out swinging
Batting: RHB Abraham Phelps 0-0: Ball
1-0: Called Strike
1-1: Ground out 4-3 (Groundball, 34)
Top of the 1st over - 0 runs, 0 hits, 0 errors, 1 left on base; San Antonio 0 - Asheville 0
BOTTOM OF THE 1ST
Asheville Highlanders batting - Pitching for San Antonio BC : LHP Cal Haber
Pitching: LHP Cal Haber
Batting: RHB Víctor Hernández 0-0: Fly out, F7 (Flyball, 78D)
Batting: SHB Lúcio Gonzáles 0-0: Ball
1-0: SINGLE (Groundball, 34D)
Batting: RHB Asko Riikonen 0-0: Called Strike
0-1: Called Strike
0-2: Strikes out looking
Batting: RHB Miguel Uribe 0-0: Called Strike
0-1: Ball
1-1: Ball
2-1: Ground out 6-3 (Groundball, 56)
Bottom of the 1st over - 0 runs, 1 hit, 0 errors, 1 left on base; San Antonio 0 - Asheville 0
TOP OF THE 2ND
San Antonio BC batting - Pitching for Asheville Highlanders : RHP Danial Apodaca
Batting: RHB Phil Dougherty 0-0: Ground out 5-3 (Groundball, 5)
Batting: LHB Earl Wiley 0-0: Swinging Strike
0-1: Ball
1-1: Swinging Strike
1-2: Strikes out swinging
Batting: SHB Anastasio Delgadilo 0-0: Swinging Strike
0-1: Ball
1-1: Ball
2-1: Called Strike
2-2: Foul Ball, location: 2F
2-2: Ball
3-2: Base on Balls
Batting: RHB Ken Gardner 0-0: Called Strike
0-1: Foul Ball, location: 2F
0-2: Ball
1-2: Strikes out swinging
Top of the 2nd over - 0 runs, 0 hits, 0 errors, 1 left on base; San Antonio 0 - Asheville 0
BOTTOM OF THE 2ND
Asheville Highlanders batting - Pitching for San Antonio BC : LHP Cal Haber
Batting: RHB Dan Parkinson 0-0: Called Strike
0-1: Ball
1-1: Ball
2-1: Ground out 5-3 (Groundball, 56)
Batting: RHB Marcos Rico 0-0: Swinging Strike
0-1: Ball
1-1: Foul Ball, location: 2F
1-2: Ball
2-2: Fly out, F9 (Flyball, 89D)
Batting: RHB Don Leach 0-0: Ground out 5-3 (Groundball, 56S)
Bottom of the 2nd over - 0 runs, 0 hits, 0 errors, 0 left on base; San Antonio 0 - Asheville 0
TOP OF THE 3RD
San Antonio BC batting - Pitching for Asheville Highlanders : RHP Danial Apodaca
Batting: RHB Noël Sassetti 0-0: Called Strike
0-1: SINGLE (Groundball, 56D)
Batting: LHB Juan Medina 0-0: Swinging Strike
0-1: Ball
1-1: Grounds into double play, 4-6-3 (Groundball, 4)
Batting: SHB Scotty Vallee 0-0: SINGLE (Line Drive, 9LS)
Batting: RHB Alba Hidalgo de Jesus 0-0: Called Strike
0-1: Ball
1-1: Ball
2-1: Ball
3-1: Fly out, F8 (Flyball, 8LM)
Top of the 3rd over - 0 runs, 2 hits, 0 errors, 1 left on base; San Antonio 0 - Asheville 0
BOTTOM OF THE 3RD
Asheville Highlanders batting - Pitching for San Antonio BC : LHP Cal Haber
Batting: LHB Pedro Gutiérrez 0-0: Ball
1-0: Called Strike
1-1: Called Strike
1-2: Ball
2-2: Strikes out swinging
Batting: LHB Tomás Valenzuela 0-0: Ball
1-0: Called Strike
1-1: Ball
2-1: Called Strike
2-2: SINGLE (Line Drive, 56D)
Batting: RHB Víctor Hernández 0-0: Called Strike
0-1: Ball
1-1: Ball
2-1: Called Strike
2-2: Ball
3-2: Foul Ball, location: 2F
3-2: Base on Balls
Tomás Valenzuela to second
Batting: SHB Lúcio Gonzáles 0-0: Foul Ball, location: 2F
0-1: Ball
1-1: Swinging Strike
1-2: Ball
2-2: Grounds into double play, 6-4-3 (Groundball, 6)
Bottom of the 3rd over - 0 runs, 1 hit, 0 errors, 1 left on base; San Antonio 0 - Asheville 0
TOP OF THE 4TH
San Antonio BC batting - Pitching for Asheville Highlanders : RHP Danial Apodaca
Batting: RHB Abraham Phelps 0-0: Foul Ball, location: 2F
0-1: Ball
1-1: Ball
2-1: Foul Ball, location: 2F
2-2: Foul Ball, location: 2F
2-2: Ball
3-2: Foul Ball, location: 2F
3-2: Foul Ball, location: 2F
3-2: Strikes out swinging
Batting: RHB Phil Dougherty 0-0: Called Strike
0-1: Ball
1-1: Ball
2-1: Ground out 4-3 (Groundball, 4)
Batting: LHB Earl Wiley 0-0: Called Strike
0-1: Swinging Strike
0-2: Ball
1-2: Ball
2-2: Ground out 4-3 (Groundball, 4)
Top of the 4th over - 0 runs, 0 hits, 0 errors, 0 left on base; San Antonio 0 - Asheville 0
BOTTOM OF THE 4TH
Asheville Highlanders batting - Pitching for San Antonio BC : LHP Cal Haber
Batting: RHB Asko Riikonen 0-0: Ball
1-0: Called Strike
1-1: Fly out, F9 (Flyball, 9S)
Batting: RHB Miguel Uribe 0-0: Ball
1-0: Called Strike
1-1: Ball
2-1: Ball
3-1: Base on Balls
Batting: RHB Dan Parkinson 0-0: Ball
1-0: Ball
2-0: Fly out, F7 (Flyball, 7LS)
Batting: RHB Marcos Rico 0-0: Ball
1-0: Ball
2-0: Ball
3-0: Called Strike
3-1: Foul Ball, location: 2F
3-2: Base on Balls
Miguel Uribe to second
Batting: RHB Don Leach 0-0: Ball
1-0: Ball
2-0: Ball
3-0: Base on Balls
Miguel Uribe to third
Marcos Rico to second
Batting: LHB Pedro Gutiérrez 0-0: Called Strike
0-1: DOUBLE (Flyball, 78XD)
Miguel Uribe scores
Marcos Rico scores
Don Leach to third
Batting: LHB Tomás Valenzuela 0-0: SINGLE (Flyball, 8RM)
Don Leach scores
Pedro Gutiérrez to third
Batting: RHB Víctor Hernández 0-0: Ball
1-0: Ball
2-0: Called Strike
2-1: Ball
3-1: Called Strike
3-2: Fly out, F7 (Flyball, 7S)
Bottom of the 4th over - 3 runs, 2 hits, 0 errors, 2 left on base; San Antonio 0 - Asheville 3
TOP OF THE 5TH
San Antonio BC batting - Pitching for Asheville Highlanders : RHP Danial Apodaca
Batting: SHB Anastasio Delgadilo 0-0: Foul Ball, location: 2F
0-1: Swinging Strike
0-2: Strikes out swinging
Batting: RHB Ken Gardner 0-0: Ball
1-0: Called Strike
1-1: Ball
2-1: Ball
3-1: Foul Ball, location: 2F
3-2: SINGLE (Groundball, 6D)
Batting: RHB Noël Sassetti 0-0: Foul Ball, location: 2F
0-1: Ball
1-1: Ball
2-1: Ball
Ken Gardner is caught stealing 2nd base
3-1: Foul Ball, location: 2F
3-2: Fly out, F8 (Flyball, 8LD)
Top of the 5th over - 0 runs, 1 hit, 0 errors, 0 left on base; San Antonio 0 - Asheville 3
BOTTOM OF THE 5TH
Asheville Highlanders batting - Pitching for San Antonio BC : LHP Cal Haber
Batting: SHB Lúcio Gonzáles 0-0: Foul Ball, location: 2F
0-1: Foul Ball, location: 2F
0-2: SINGLE (Line Drive, 6MD)
Batting: RHB Asko Riikonen 0-0: 2-RUN HOME RUN (Flyball, 78XD), Distance : 426 ft
Batting: RHB Miguel Uribe 0-0: Swinging Strike
0-1: Ball
1-1: Swinging Strike
1-2: Ball
2-2: Ground out 1-3 (Groundball, P)
Batting: RHB Dan Parkinson 0-0: Ball
1-0: Called Strike
1-1: Called Strike
1-2: Ball
2-2: Foul Ball, location: 2F
2-2: Strikes out looking
Batting: RHB Marcos Rico 0-0: Foul Ball, location: 2F
0-1: Swinging Strike
0-2: Foul Ball, location: 2F
0-2: Ball
1-2: SINGLE (Groundball, 6MD)
Batting: RHB Don Leach 0-0: Ball
Wild Pitch!
Marcos Rico to second
1-0: Intentional Walk
Pitching: RHP Tony Garza
Batting: LHB Pedro Gutiérrez 0-0: Ball
1-0: Swinging Strike
1-1: Ball
2-1: Ball
3-1: SINGLE (Groundball, 6D)
Marcos Rico to third
Don Leach to second
Runner from 3rd tries for Home, SAFE, no throw
Batting: LHB Tomás Valenzuela 0-0: Swinging Strike
0-1: Ball
1-1: Foul Ball, location: 2F
1-2: Ground out U3 (Groundball, 3)
Bottom of the 5th over - 3 runs, 4 hits, 0 errors, 2 left on base; San Antonio 0 - Asheville 6
TOP OF THE 6TH
San Antonio BC batting - Pitching for Asheville Highlanders : RHP Danial Apodaca
Batting: LHB Juan Medina 0-0: Ball
1-0: Foul Ball, location: 2F
1-1: Fly out, F3 (Line Drive, 3L)
Batting: SHB Scotty Vallee 0-0: Ball
1-0: Swinging Strike
1-1: Called Strike
1-2: Strikes out looking
Batting: RHB Alba Hidalgo de Jesus 0-0: Called Strike
0-1: Called Strike
0-2: Ground out 4-3 (Groundball, 4)
Top of the 6th over - 0 runs, 0 hits, 0 errors, 0 left on base; San Antonio 0 - Asheville 6
BOTTOM OF THE 6TH
Asheville Highlanders batting - Pitching for San Antonio BC : RHP Tony Garza
Batting: RHB Víctor Hernández 0-0: Swinging Strike
0-1: Ball
1-1: Swinging Strike
1-2: Strikes out swinging
Batting: SHB Lúcio Gonzáles 0-0: Foul Ball, location: 2F
0-1: SINGLE (Flyball, 89M)
Batting: RHB Asko Riikonen 0-0: Ball
1-0: Ball
2-0: Ball
3-0: Base on Balls
Lúcio Gonzáles to second
Batting: RHB Miguel Uribe 0-0: Foul Ball, location: 2F
0-1: Ball
1-1: Ball
2-1: Called Strike
2-2: Foul Ball, location: 2F
2-2: Ball
3-2: Base on Balls
Lúcio Gonzáles to third
Asko Riikonen to second
Batting: RHB Dan Parkinson 0-0: Ball
1-0: Foul Ball, location: 2F
1-1: Foul Ball, location: 2F
1-2: Ball
2-2: Foul Ball, location: 2F
2-2: SINGLE (Groundball, 6) (infield hit)
Lúcio Gonzáles scores
Asko Riikonen to third
Miguel Uribe to second
Batting: RHB Marcos Rico 0-0: Foul Ball, location: 2F
0-1: Ball
1-1: Ball
2-1: DOUBLE (Flyball, 89D)
Asko Riikonen scores
Miguel Uribe scores
Dan Parkinson to third
Runner from 3rd tries for Home, SAFE, throw made at trailing runner, OUT at third!
Batting: RHB Don Leach 0-0: Ball
1-0: Ball
2-0: Foul Ball, location: 2F
2-1: Fly out, F8 (Flyball, 8LD)
Bottom of the 6th over - 4 runs, 3 hits, 0 errors, 0 left on base; San Antonio 0 - Asheville 10
TOP OF THE 7TH
San Antonio BC batting - Pitching for Asheville Highlanders : RHP Danial Apodaca
Batting: RHB Abraham Phelps 0-0: Ball
1-0: Ball
2-0: Called Strike
2-1: Fly out, F7 (Flyball, 7LS)
Pinch Hitting: SHB Esteban Borsellino 0-0: Called Strike
0-1: Swinging Strike
0-2: Foul Ball, location: 2F
0-2: Ball
1-2: Strikes out swinging
Batting: LHB Earl Wiley 0-0: Called Strike
0-1: Foul Ball, location: 2F
0-2: Foul Ball, location: 2F
0-2: Foul Ball, location: 2F
0-2: Foul Ball, location: 2F
0-2: Fly out, F7 (Flyball, 7D)
Top of the 7th over - 0 runs, 0 hits, 0 errors, 0 left on base; San Antonio 0 - Asheville 10
BOTTOM OF THE 7TH
Asheville Highlanders batting - Pitching for San Antonio BC : RHP Tony Garza
Now at 1B: Esteban Borsellino
Batting: LHB Pedro Gutiérrez 0-0: Foul Ball, location: 2F
0-1: Ball
1-1: Fly out, F7 (Flyball, 7D)
Batting: LHB Tomás Valenzuela 0-0: DOUBLE (Line Drive, 9LS)
Batting: RHB Víctor Hernández 0-0: Ball
Wild Pitch!
Tomás Valenzuela to third
1-0: Ground out 5-3 (Groundball, 56)
Tomás Valenzuela scores
Batting: SHB Lúcio Gonzáles 0-0: Foul Ball, location: 2F
0-1: Foul Ball, location: 2F
0-2: SINGLE (Groundball, 13) (infield hit)
Batting: RHB Asko Riikonen 0-0: Swinging Strike
0-1: Called Strike
0-2: Foul Ball, location: 2F
0-2: Strikes out swinging
Bottom of the 7th over - 1 run, 2 hits, 0 errors, 1 left on base; San Antonio 0 - Asheville 11
TOP OF THE 8TH
San Antonio BC batting - Pitching for Asheville Highlanders : RHP Danial Apodaca
Pitching: RHP Luis López
Now at 3B: Gil Simmons
Batting: SHB Anastasio Delgadilo 0-0: SINGLE (Groundball, 4S) (infield hit)
Batting: RHB Ken Gardner 0-0: SINGLE (Groundball, 6MD)
Anastasio Delgadilo to second
Batting: RHB Noël Sassetti 0-0: Ball
1-0: Foul Ball, location: 2F
1-1: Fly out, F1 (Line Drive, 15)
Lined into DP, 1-3 (Line Drive, 15)
Batting: LHB Juan Medina 0-0: Ball
1-0: Foul Ball, location: 2F
1-1: Called Strike
1-2: Ball
2-2: Ball
3-2: Fly out, F7 (Flyball, 78S)
Top of the 8th over - 0 runs, 2 hits, 0 errors, 1 left on base; San Antonio 0 - Asheville 11
BOTTOM OF THE 8TH
Asheville Highlanders batting - Pitching for San Antonio BC : RHP Tony Garza
Batting: RHB Miguel Uribe 0-0: Ball
1-0: Ball
2-0: Ground out 6-3 (Groundball, 6)
Batting: RHB Dan Parkinson 0-0: Ball
1-0: Foul Ball, location: 2F
1-1: Foul Ball, location: 2F
1-2: SINGLE (Flyball, 8LM)
Batting: RHB Marcos Rico 0-0: Ball
1-0: Called Strike
1-1: Fly out, F8 (Flyball, 8LD)
Batting: RHB Don Leach 0-0: Called Strike
0-1: Swinging Strike
0-2: Strikes out swinging
Bottom of the 8th over - 0 runs, 1 hit, 0 errors, 1 left on base; San Antonio 0 - Asheville 11
TOP OF THE 9TH
San Antonio BC batting - Pitching for Asheville Highlanders : RHP Luis López
Pinch Hitting: LHB Lee Hart 0-0: Ball
1-0: Called Strike
1-1: Foul Ball, location: 2F
1-2: Ball
2-2: Foul Ball, location: 2F
2-2: Ball
3-2: DOUBLE (Flyball, 8RXD)
Batting: RHB Alba Hidalgo de Jesus 0-0: Swinging Strike
0-1: Ball
1-1: Fly out, F9 (Flyball, 9S)
Batting: RHB Abraham Phelps 0-0: Called Strike
0-1: Ball
1-1: Ball
2-1: Ball
3-1: Foul Ball, location: 2F
3-2: Strikes out looking
Batting: SHB Esteban Borsellino 0-0: Ball
1-0: Ball
2-0: Ball
3-0: Base on Balls
Batting: LHB Earl Wiley 0-0: SINGLE (Groundball, 5D)
Lee Hart to third
Esteban Borsellino to second
Batting: SHB Anastasio Delgadilo 0-0: Foul Ball, location: 2F
0-1: Fielders Choice at 2nd, 5-4 (Groundball, 56)
Top of the 9th over - 0 runs, 2 hits, 0 errors, 3 left on base; San Antonio 0 - Asheville 11
Tuesday, December 19th, 2017 - OOTP Baseball 18.8 Build 76